 Dungeon Crawl Stone Soup version 0.22-a0-538-g76cc104 (webtiles) character file.

1039 iamserjio the Poker (level 8, -1/42 HPs)
             Began as a Vine Stalker Skald on June 23, 2018.
             Was an Initiate of Ru.
             Slain by a sky beast (3 damage)
             ... on level 7 of the Dungeon.
             The game lasted 00:17:38 (1679 turns).

iamserjio the Poker (Vine Stalker Skald)            Turns: 1679, Time: 00:17:38

Health: -1/42      AC:  6    Str: 14    XL:     8   Next: 24%
Magic:  0/15       EV: 12    Int: 15    God:    Ru [......]
Gold:   219        SH:  0    Dex: 14    Spells: 4/15 levels left

rFire    . . .     SeeInvis .   a - +1 spear
rCold    . . .     Gourm    .   (no shield)
rNeg     . . .     Faith    .   b - +0 leather armour
rPois    .         Spirit   +   (no helmet)
rElec    .         Reflect  .   (no cloak)
rCorr    +         Harm     .   c - +2 pair of gloves
MR       +....                  (no boots)
Stlth    +.........             (no amulet)
HPRegen  0.54/turn              l - ring of resist corrosion
MPRegen  0.14/turn              (no ring)

@: confused, singing
A: fangs 3, regeneration 1, magic shield, antimagic bite, no potion heal 3, rot
immunity
a: Renounce Religion


You were on level 7 of the Dungeon.
You worshipped Ru.
Ru was noncommittal.
You were not hungry.

You visited 2 branches of the dungeon, and saw 8 of its levels.

You collected 219 gold pieces.

Inventory:

Hand Weapons
 a - a +1 spear (weapon)
Missiles
 g - 9 tomahawks (quivered)
Armour
 b - a +0 leather armour (worn)
 c - a +2 pair of gloves (worn)
 f - a +0 ring mail
 o - a +0 ring mail
Jewellery
 l - a ring of resist corrosion (left hand)
Scrolls
 i - 3 scrolls of remove curse {@r2}
 r - 3 scrolls of teleportation
Potions
 e - a potion of brilliance {unknown}
 h - a potion of cancellation {unknown}
 k - a potion of ambrosia {unknown}
 n - a potion of flight {unknown}
 q - 2 potions of curing {unknown}
 s - a potion of haste {unknown}
Comestibles
 d - 9 rations
 j - 3 chunks of flesh


   Skills:
 + Level 4.0 Fighting
 * Level 6.9 Polearms
 - Level 0.7 Armour
 - Level 1.5 Dodging
 - Level 4.0 Spellcasting
 - Level 2.1 Hexes
 - Level 3.0 Charms


You had 4 spell levels left.
You knew the following spells:

 Your Spells              Type           Power        Failure   Level  Hunger
a - Infusion              Chrm           ##..         7%          1    None
b - Song of Slaying       Chrm           ##......     10%         2    ##.....
c - Regeneration          Chrm/Necr      #.........   36%         3    ###....
d - Shroud of Golubria    Chrm/Tloc      #.........   19%         2    ##.....
e - Spectral Weapon       Hex/Chrm       ##......     24%         3    ###....

Your spell library contained the following spells:

 Spells                   Type           Power        Failure   Level  Hunger
 Lightning Bolt           Conj/Air       #.........   99%         5    ######.
 Shock                    Conj/Air       #...         22%         1    None
 Swiftness                Chrm/Air       #.......     19%         2    ##.....
 Airstrike                Air            #.........   92%         4    ####...
 Static Discharge         Conj/Air       #.......     56%         3    ###....


Dungeon Overview and Level Annotations

Branches:
Dungeon (7/15)             Temple (1/1) D:6

Altars:
Ashenzari
Dithmenos
Elyvilon
Fedhas
Gozag
Hepliaklqana
Kikubaaqudgha
Nemelex Xobeh
Qazlal
Ru
Sif Muna
Uskayaw
Vehumet
Wu Jian
Xom


Innate Abilities, Weirdness & Mutations

You have razor-sharp teeth.
Your natural rate of healing is unusually fast.
When hurt, damage is shared between your health and your magic reserves.
Your bite disrupts and absorbs the magic of your enemies.
Potions cannot restore your health.
You are immune to rotting.


Message History

The orc priest barely misses you.
You catch the helpless orc priest completely off-guard!
You hit the orc priest. Your bite misses the orc priest.
The orc priest is severely wounded.
Your spectral weapon hits the orc priest.
The sky beast completely misses you.
You hear some strange, mumbled words.
You are confused.
The orc priest hits you with a vampiric hand axe.
* * * LOW HITPOINT WARNING * * *
The orc priest draws strength from your wounds!
The orc priest hits your spectral weapon with a vampiric hand axe.
Your spectral weapon shares its damage with you!
* * * LOW HITPOINT WARNING * * *
You hit the orc priest.
You kill the orc priest!
The sky beast hits you.
* * * LOW HITPOINT WARNING * * *
The sky beast shocks you.
You die...

.......+
#.....)#
#......#####
#...........
#...........
+...≈.......
#...Y.......
#..(@..#
#..{)..#
#.<....#
#......#
........#
..........#
.?....#######
...... ?..$..


You could see a sky beast and a friendly spectral spear.

Vanquished Creatures
  Menkaure (D:7)
  An ice beast (D:5)
  3 ogres
  A scorpion (D:4)
  A crimson imp (D:6)
  A bullfrog skeleton (D:4)
  3 hounds
  3 orc priests
  Ijyb (D:3)
  3 iguanas
  An orc wizard (D:6)
  A howler monkey zombie (D:7)
  7 adders
  2 oozes
  4 worms (D:2)
  2 dart slugs
  A leopard gecko (D:6)
  12 orcs
  A ball python (D:1)
  4 giant cockroaches
  3 goblins (D:1)
  3 hobgoblins
  7 jackals
  4 kobolds
  2 quokkas
  3 bats
  4 frilled lizards
  4 rats
83 creatures vanquished.

Vanquished Creatures (others)
  2 spectral weapons (D:5)
2 creatures vanquished.

Grand Total: 85 creatures vanquished

Notes
Turn   | Place    | Note
-------+----------+-------------------------------------------
     0 | D:1      | iamserjio the Vine Stalker Skald began the quest for the Orb.
     0 | D:1      | Reached XP level 1. HP: 11/11 MP: 4/4
    15 | D:1      | Reached skill level 2 in Polearms
    84 | D:1      | Reached XP level 2. HP: 11/15 MP: 4/6
   120 | D:1      | Learned a level 2 spell: Song of Slaying
   196 | D:2      | Reached XP level 3. HP: 18/18 MP: 1/7
   318 | D:3      | Reached skill level 3 in Polearms
   330 | D:3      | Learned a level 3 spell: Regeneration
   397 | D:1      | Gained mutation: Your natural rate of healing is unusually fast. [Vine Stalker growth]
   397 | D:1      | Reached XP level 4. HP: 21/23 MP: 9/9
   627 | D:3      | Noticed Ijyb
   636 | D:3      | Paralysed by Ijyb for 6 turns
   646 | D:3      | Paralysed by Ijyb for 4 turns
   661 | D:3      | Paralysed by Ijyb for 2 turns
   672 | D:3      | Paralysed by Ijyb for 6 turns
   684 | D:3      | Killed Ijyb
   684 | D:3      | Reached XP level 5. HP: 23/26 MP: 10/10
   754 | D:4      | Reached skill level 4 in Polearms
   760 | D:4      | Found a sparkling altar of Nemelex Xobeh.
   859 | D:4      | Reached XP level 6. HP: 24/30 MP: 3/12
   863 | D:4      | Learned a level 2 spell: Shroud of Golubria
   867 | D:4      | Learned a level 3 spell: Spectral Weapon
   880 | D:5      | Entered Level 5 of the Dungeon
   915 | D:4      | Found a shadowy altar of Dithmenos.
  1013 | D:5      | Noticed an ice beast
  1039 | D:5      | Killed an ice beast
  1039 | D:5      | Reached skill level 5 in Polearms
  1039 | D:5      | Reached skill level 1 in Hexes
  1146 | D:5      | HP: 1/32 [ogre/giant club (27)]
  1149 | D:5      | Reached XP level 7. HP: 2/35 MP: 0/14
  1487 | D:6      | Reached skill level 6 in Polearms
  1509 | D:6      | Found a staircase to the Ecumenical Temple.
  1515 | Temple   | Entered the Ecumenical Temple
  1576 | Temple   | Became a worshipper of Ru the Awakened
  1643 | D:6      | Gained mutation: You have razor-sharp teeth. [Vine Stalker growth]
  1643 | D:6      | Reached XP level 8. HP: 36/41 MP: 5/15
  1654 | D:7      | Noticed Menkaure
  1664 | D:7      | Killed Menkaure
  1679 | D:7      | HP: 2/42 [sky beast (2)]
  1679 | D:7      | Slain by a sky beast

Vault maps used:
D:1:      dpeg_arrival_oval
D:2:      chequers_temple_overflow_minitemple
D:3:      uniq_jessica, uniq_ijyb
D:4:      yredelemnul_forgotten_temple_becter, nicolae_dithmenos_shadow_blocks,
          nemelex_spade_bored_becter
D:5:      first_ration, lemuel_blue_sif_altar
D:6:      minmay_temple_entry_enclosed_plants, hangedman_abyss_or_decor_passed
D:7:      old_standard_altar, serial_shops, shop, uniq_menkaure
Temple:   eino_temple_water

Skill      XL: |  1  2  3  4  5  6  7  8 |
---------------+-------------------------+-----
Polearms       | 2 3 4 5 6 |  6.9
Fighting       | 2 3 4 |  4.0
Spellcasting   | 3 4 |  4.0
Hexes          | 1 2 |  2.1
Armour         | |  0.7
Dodging        | |  1.5
Charms         | |  3.0

Action                   |  1- 3 |  4- 6 |  7- 9 || total
-------------------------+-------+-------+-------++-------
Melee: Spear             |    82 |   169 |    95 ||   346
       Bite              |    16 |    42 |    19 ||    77
 Cast: Infusion          |     5 |     3 |     1 ||     9
       Song of Slaying   |     3 |     6 |     3 ||    12
       Regeneration      |     1 |     4 |     1 ||     6
       Spectral Weapon   |       |     6 |     6 ||    12
       Shroud of Golubri |       |     1 |       ||     1
Evoke: Wand              |       |     2 |       ||     2
  Use: Scroll            |       |       |     8 ||     8
 Stab: Paralysed         |       |     4 |       ||     4
       Distracted        |       |       |     1 ||     1
  Eat: Chunk             |       |     3 |     3 ||     6
Armor: Leather armour    |    20 |    28 |    19 ||    67
Dodge: Dodged            |    35 |    50 |    34 ||   119

Table legend:
 A = Spawn XP
 B = Non-spawn XP
 C = Spawn XP percentage of total XP
 D = Spawn monster count
 E = Non-spawn monster count
 F = Spawn count percentage of total count
 G = Total turns spent on level
                    A         B        C        D         E        F      G
               +---------+---------+-------+---------+---------+-------+---------
         Total |       0 |    1485 |   0.0 |       0 |      83 |   0.0 |  1679
               +---------+---------+-------+---------+---------+-------+---------
           D:1 |       0 |      22 |   0.0 |       0 |      12 |   0.0 |   198
           D:2 |       0 |      48 |   0.0 |       0 |      15 |   0.0 |   187
           D:3 |       0 |      78 |   0.0 |       0 |      14 |   0.0 |   277
           D:4 |       0 |     223 |   0.0 |       0 |       8 |   0.0 |   267
           D:5 |       0 |     518 |   0.0 |       0 |      16 |   0.0 |   357
           D:6 |       0 |     365 |   0.0 |       0 |      12 |   0.0 |   296
           D:7 |       0 |     231 |   0.0 |       0 |       6 |   0.0 |    25
               +---------+---------+-------+---------+---------+-------+---------
